Map: Nightshade LE

Players

KsoSxMemphis

  • Race: Protoss Protoss
  • League: Gold
  • Spawn Location: 5:00

Roman - Winner!

  • Race: Protoss Protoss
  • Spawn Location: 11:00

VOD

Have the link to the VOD?

Description

Time

  • Played on: April 12, 2020, 6:48 a.m.
  • Length: 9:03
Show
View Real Time Build Order
Export as new Build Order

KsoSxMemphis Protoss 

Build Orders:  

Get SALT Encoding   

  12  0:01  Probe  
  13  0:13  Probe  
  14  0:20  Pylon  
  14  0:25  Probe  
  15  0:33  Pylon  
  15  0:38  Probe  
  16  0:48  Gateway  
  16  0:52  Probe  
  17  1:04  Probe  
  17  1:07  Gateway  
  18  1:26  Probe  
  19  1:33  Pylon  
  19  1:38  Probe  
  20  1:40  Zealot  
  22  1:56  Cybernetics Core  
  22  2:00  Zealot  
  24  2:07  Zealot  
  26  2:09  Gateway  
  26  2:15  Assimilator  
  26  2:21  Assimilator  
  26  2:27  Zealot  
  28  2:34  Zealot  
  28  2:36  Probe  
  31  2:48  Probe  
  32  3:00  Probe, Nexus  
  33  3:12  Probe  
  34  3:30  Stalker x3 (Chrono Boost)  
  36  3:50  Pylon  
  36  3:51  Zealot  
  35  4:07  Zealot x2  
  35  4:15  Warp Gate, Probe x2  
  37  4:18  Zealot  
  39  4:27  Probe  
  40  4:34  Zealot x2  
  44  4:40  Twilight Council  
  44  4:46  Forge  
  42  5:00  Zealot  
  42  5:01  Zealot  
  46  5:11  Sentry  
  48  5:15  Charge (Chrono Boost)  
  48  5:27  Stalker  
  50  5:28  Zealot  
  50  5:33  Protoss Ground Weapons Level 1  
  52  5:37  Stalker  
  54  5:55  Zealot, Gateway  
  52  6:07  Stalker  
  52  6:28  Stalker  
  52  6:42  Zealot  
  52  6:45  Zealot  
  52  6:49  Zealot  
  50  6:54  Zealot  
  50  7:05  Zealot  
  52  7:09  Zealot x2  
  48  7:23  Stalker  
  38  7:34  Zealot x2  
  38  7:36  Zealot  
  40  7:48  Gateway  
  37  8:00  Pylon  
  37  8:01  Pylon  
  35  8:07  Pylon  
  35  8:23  Stalker  
  35  8:24  Stalker  
  39  8:48  Gateway  
  39  8:52  Pylon  
Show
View Real Time Build Order
Export as new Build Order

Roman Protoss - Winner!

Build Orders:  

Get SALT Encoding   

  12  0:00  Probe  
  13  0:14  Pylon  
  13  0:20  Probe  
  14  0:34  Probe (Chrono Boost)  
  14  0:35  Gateway  
  15  0:44  Probe (Chrono Boost)  
  15  0:49  Probe (Chrono Boost)  
  16  0:50  Assimilator  
  17  1:01  Probe  
  18  1:13  Probe  
  19  1:23  Cybernetics Core  
  19  1:25  Probe (Chrono Boost)  
  20  1:27  Gateway  
  20  1:35  Pylon  
  20  1:37  Probe (Chrono Boost)  
  21  1:42  Probe (Chrono Boost)  
  22  2:04  Warp Gate  
  24  2:09  Stalker (Chrono Boost)  
  24  2:10  Assimilator  
  24  2:15  Stalker (Chrono Boost)  
  26  2:32  Stalker  
  28  2:38  Probe  
  28  2:40  Pylon  
  29  2:52  Probe  
  29  2:58  Stalker  
  32  2:59  Nexus  
  32  3:08  Probe  
  32  3:09  Stalker  
  35  3:19  Pylon  
  31  4:10  Probe  
  31  4:15  Stalker x2, Robotics Facility  
  31  4:17  Gateway  
  36  4:18  Gateway  
  36  4:22  Probe  
  36  4:23  Probe  
  38  4:34  Probe  
  38  4:35  Probe  
  40  4:46  Probe  
  40  4:52  Probe  
  42  4:59  Stalker x2  
  46  5:03  Probe  
  46  5:04  Probe  
  46  5:06  Warp Prism (Chrono Boost)  
  50  5:18  Probe  
  49  5:23  Stalker  
  49  5:24  Stalker x3  
  57  5:30  Probe  
  57  5:31  Probe  
  57  5:33  Assimilator  
  59  5:44  Twilight Council, Probe  
  59  5:45  Probe, Gateway  
  59  5:47  Observer (Chrono Boost)  
  62  6:09  Pylon  
  62  6:14  Assimilator  
  62  6:27  Probe x2  
  62  6:28  Stalker x3  
  70  6:33  Pylon  
  70  6:35  Pylon  
  70  6:47  Nexus  
  70  6:50  Probe x2, Pylon  
  70  7:02  Stalker x5  
  70  7:06  Blink (Chrono Boost)  
  80  7:27  Stalker  
  80  7:28  Stalker x4  
  78  7:53  Sentry x2  
  78  7:54  Sentry x3  
  88  8:00  Probe x2  
  90  8:11  Assimilator  
  90  8:12  Probe  
  90  8:13  Forge, Assimilator  
  90  8:14  Observer  
  90  8:17  Forge  
  91  8:28  Stalker x5  
  101  8:46  Probe x2  
  103  8:49  Probe  
Tags
 
League
Gold
Matchup
PvP
Spawn Locations
Cross Positions
Add a new tag
Caveats
  • Supply blocks, unpowered buildings, or Contaminate may cause inaccurate times.
  • Supply counts are checked every 10 seconds.